 Dungeon Crawl Stone Soup version 0.23.2-40-g277498a001 (webtiles) character file.

Game seed: 7366859050364906544

350 FishyPogo the Skirmisher (level 6, -15/48 HPs)
             Began as a Demonspawn Wanderer on Aug 14, 2019.
             Demolished by an ogre
             ... wielding a +0 giant club
              (19 damage)
             ... on level 3 of the Dungeon.
             The game lasted 00:12:44 (3749 turns).

FishyPogo the Skirmisher (Demonspawn Wanderer)      Turns: 3749, Time: 00:12:45

Health: -15/48     AC:  3    Str: 11    XL:     6   Next: 33%
Magic:  9/9        EV: 14    Int: 17    God:
Gold:   70         SH:  0    Dex: 16    Spells: 5/9 levels left

rFire    . . .     SeeInvis .   a - +2 dagger (venom)
rCold    + . .     Gourm    .   (no shield)
rNeg     . . .     Faith    .   d - +0 robe
rPois    +         Spirit   .   (no helmet)
rElec    .         Reflect  .   q - +0 cloak
rCorr    .         Harm     .   (no gloves)
MR       .....                  (no boots)
Stlth    ++........             (no amulet)
HPRegen  0.16/turn              n - +4 ring of intelligence
MPRegen  0.11/turn              u - ring of poison resistance

@: sluggish, very slow
A: hooves 1, cold resistance 1
a: no special abilities


You were on level 3 of the Dungeon.
You were not hungry.

You visited 1 branch of the dungeon, and saw 3 of its levels.

You collected 70 gold pieces.

Inventory:

Hand Weapons
 a - a +2 dagger of venom (weapon)
 b - a +0 blowgun
 e - a +0 dagger
 t - a +2 spear
Missiles
 g - 55 stones (quivered)
 r - 12 poisoned needles
Armour
 d - a +0 robe (worn)
 i - a scarf of repulsion
 q - a +0 cloak (worn)
Jewellery
 n - a +4 ring of intelligence (left hand)
 u - a ring of poison resistance (right hand)
Scrolls
 j - a scroll of noise {unknown}
 k - a scroll of fear {unknown}
 m - 5 scrolls of identify {unknown}
 p - a scroll of blinking {unknown}
 s - a scroll of amnesia {unknown}
 w - a scroll of immolation {unknown}
Potions
 c - a potion of curing
 h - 4 potions of heal wounds {unknown}
 l - a potion of haste {unknown}
 o - a potion of lignification {unknown}
Comestibles
 f - 4 rations


   Skills:
 * Level 3.8 Fighting
 + Level 1.4 Short Blades
 * Level 3.5 Dodging
 + Level 2.7 Stealth
 - Level 2.0 Spellcasting
   Level 3.6 Transmutations
   Level 1.0 Evocations


You had 5 spell levels left.
You knew the following spells:

 Your Spells              Type           Power        Failure   Level  Hunger
d - Swiftness             Chrm/Air       #.......     28%         2    ###....
e - Shroud of Golubria    Chrm/Tloc      #.........   28%         2    ###....

Your spell library contained the following spells:

 Spells                   Type           Power        Failure   Level  Hunger


Dungeon Overview and Level Annotations

Branches:
Dungeon (3/15)

Altars:


Innate Abilities, Weirdness & Mutations

You have large cloven feet.
Your flesh is cold resistant. (rC+)


Message History

Okay, then.
There are no items here.
Throwing (i - inventory)
g - 56 stones (quivered)
Press: ? - help, Shift-Dir - straight line, f/p - ogre
Aim: an ogre, wielding a +0 giant club You throw a stone.
The stone barely misses the ogre.
You hit the ogre.
The ogre is lightly wounded.
The ogre hits you with a +0 giant club!!
Casting: Swiftness (safe; 28% risk of failure)
Confirm with . or Enter, or press ? or * to list all spells.
You feel quick.
The ogre hits you with a +0 giant club!!
Ouch! That really hurt!
* * * LOW HITPOINT WARNING * * *
You start to feel a little slower.
You feel sluggish.
You start to feel a little faster.
The ogre hits you with a +0 giant club!!
You die...

#.... #%≈≈≈....# '...
'.#.≈≈≈....# #.
#'###≈≈....#
#############...#≈≈P...#
............#.g.#≈≈....#
≈≈≈≈≈≈≈≈≈≈≈≈#####≈≈....#
≈≈≈≈≈≈≈≈≈≈≈≈≈≈≈≈≈≈≈....#
≈≈≈≈≈≈≈≈≈≈≈≈≈≈≈≈≈O≈...P#
................@......#
########################
#...O...# ## #.#####.#
.# #.# #.# .# #.#
###.#### .######.#
#..O...# .>......#
#.#.##.# #########
#.#.##.#


You could see an ogre and a gnoll.

Vanquished Creatures
  A black bear (D:3)
  Crazy Yiuf (D:2)
  Jessica (D:2)
  A hound skeleton (D:3)
  8 gnolls (D:3)
  4 adders (D:2)
  A shadow imp (D:3)
  An ooze (D:1)
  2 worms (D:2)
  A leopard gecko (D:1)
  A giant cockroach (D:1)
  12 hobgoblins
  11 jackals
  A quokka (D:2)
  3 bats
  5 frilled lizards
  4 goblins
  8 kobolds
  5 rats
71 creatures vanquished.

Notes
Turn   | Place    | Note
-------+----------+-------------------------------------------
     0 | D:1      | FishyPogo the Demonspawn Wanderer began the quest for the
                  | Orb.
     0 | D:1      | FishyPogo set off with the following items: a +2 spear, a
                  | potion of curing, a +0 robe, a +0 dagger, a ration; and the
                  | following spells available to memorise: Shroud of Golubria,
                  | Swiftness
     0 | D:1      | Reached XP level 1. HP: 15/15 MP: 2/2
   575 | D:1      | Gained mutation: You have large cloven feet. [demonic
                  | ancestry]
   575 | D:1      | Reached XP level 2. HP: 21/21 MP: 3/3
  1295 | D:1      | Reached XP level 3. HP: 24/27 MP: 5/5
  1504 | D:2      | Found a runed translucent door.
  1505 | D:2      | Noticed Crazy Yiuf
  1728 | D:2      | Noticed Jessica
  1736 | D:2      | Killed Jessica
  1736 | D:2      | Gained mutation: Your flesh is cold resistant. (rC+)
                  | [demonic ancestry]
  1736 | D:2      | Reached XP level 4. HP: 34/34 MP: 6/6
  1803 | D:2      | Learned a level 2 spell: Swiftness
  1808 | D:2      | Learned a level 2 spell: Shroud of Golubria
  2366 | D:2      | Killed Crazy Yiuf
  2366 | D:2      | Reached XP level 5. HP: 17/41 MP: 8/8
  2664 | D:3      | Noticed an ogre
  2991 | D:3      | Noticed a black bear
  3008 | D:3      | Killed a black bear
  3008 | D:3      | Reached skill level 1 in Short Blades
  3008 | D:3      | Reached XP level 6. HP: 12/47 MP: 9/9
  3728 | D:3      | HP: 1/48 [ogre/+0 giant club (25)]
  3749 | D:3      | Demolished by an ogre

Skill      XL: |  1  2  3  4  5 |
---------------+----------------+-----
Stealth        | 2 |  2.7
Fighting       | 2 3 |  3.8
Dodging        | 2 3 |  3.5
Spellcasting   | 2 |  2.0
Short Blades   | 1 |  1.4
Transmutations | |  3.6
Evocations     | |  1.0

Action                   |  1- 3 |  4- 6 || total
-------------------------+-------+-------++-------
Melee: Spear             |   105 |     7 ||   112
       Kick              |    11 |    29 ||    40
       Dagger            |       |   111 ||   111
 Fire: Blowgun           |       |     4 ||     4
Throw: Stone             |     2 |    25 ||    27
 Cast: Swiftness         |       |     4 ||     4
  Use: Scroll            |       |     1 ||     1
 Stab: Sleeping          |     5 |     2 ||     7
  Eat: Chunk             |     3 |     6 ||     9
Armor: Robe              |     8 |    10 ||    18
Dodge: Dodged            |    37 |    57 ||    94
